 Dungeon Crawl Stone Soup version 0.21-a0-536-gdbbf329 (webtiles) character file.

223011 Amnesiac the Thaumaturge (level 19, -2/148 HPs)
             Began as a Gnoll Wizard on Dec 14, 2017.
             Was a High Priest of Ashenzari.
             Slain by a yaktaur captain (10 damage)
             ... on level 3 of the Depths.
             The game lasted 02:23:16 (45433 turns).

Amnesiac the Thaumaturge (Gnoll Wizard)            Turns: 45433, Time: 02:23:16

Health: -2/148     AC: 26    Str: 11    XL:     19   Next: 64%
Magic:  11/29      EV: 23    Int: 24    God:    Ashenzari [*****.]
Gold:   1493       SH: 14    Dex: 23    Spells: 14/46 levels left

rFire    + . .     SeeInvis +   q - +11 short sword of Frustration {pierce, rN+ Str+5}
rCold    + + .     Gourm    +   z - +1 buckler {AC+3} (curse)
rNeg     + + +     Faith    .   G - +4 ring mail {rF+} (curse)
rPois    .         Spirit   .   S - +0 helmet
rElec    +         Reflect  .   u - +0 cloak of Restlessness {rElec rC+ rN+ Str-3} (curse)
rCorr    .         Harm     .   Q - +0 pair of fencer's gloves {+Riposte Dex+3} (curse)
MR       ++++.     Clarity  +   p - +2 pair of boots (curse) Stlth +++++.....Rnd*Tele +
                                N - amulet "Ogebo" {Gourm +Fly rC+ rN+ Dex+3} (curse)
HPRegen  0.00/turn              i - +2 ring of protection (curse)
MPRegen  0.21/turn              H - ring of protection from magic (curse)

@: flying, deflect missiles
A: distributed training, fangs 1, large bone plates 1, dopey 1, low mp 2, magic
resistance 2, screaming 1, inhibited regeneration, teleportitis 1, wild magic 2,
evolution 1, strong nose
a: Curse Item, Scrying, Renounce Religion


You were on level 3 of the Depths.
You worshipped Ashenzari.
Ashenzari was extremely pleased with you.
You were not hungry.

You visited 5 branches of the dungeon, and saw 24 of its levels.
You visited 1 bazaar.
You also visited: Volcano.

You collected 3199 gold pieces.
You spent 1706 gold pieces at shops.

Inventory:

Hand Weapons
 a - a +1 eveningstar of electrocution
 b - a +9 blowgun
 q - the +11 short sword of Frustration (weapon) {pierce, rN+ Str+5}
   (You found it on level 2 of the Depths)

   It inflicts extra damage upon your enemies.
   It affects your strength (+5).
   It protects you from negative energy.
 w - the +10 hunting sling "Vietag" {venom, rC+ Str+3}
   (You bought it in a shop in a bazaar)

   It poisons the ammo it fires.
   It affects your strength (+3).
   It protects you from cold.
Missiles
 l - 12 curare-tipped needles
 m - 5 needles of frenzy
 D - 7 needles of confusion
 J - 15 needles of sleeping
 K - 85 stones (quivered)
 L - 31 poisoned needles
 V - a throwing net
Armour
 p - a cursed +2 pair of boots (worn)
 t - the +0 buckler of the Disturbing Runes {*Drain Dex+7}
   (You found it on level 2 of the Depths)

   It affects your dexterity (+7).
   It causes draining when unequipped.
 u - the cursed +0 cloak of Restlessness (worn) {rElec rC+ rN+ Str-3}
   (You found it on level 12 of the Dungeon)

   It affects your strength (-3).
   It protects you from cold.
   It insulates you from electricity.
   It protects you from negative energy.
   It has a curse placed upon it.
 z - a cursed +1 buckler of protection (worn)
 G - a cursed +4 ring mail of fire resistance (worn)
 Q - the cursed +0 pair of fencer's gloves (worn) {+Riposte Dex+3}
   (You found it on level 1 of the Depths)

   It affects your dexterity (+3).
   It has a curse placed upon it.
 S - a +0 helmet (worn)
 W - the +13 crystal plate armour "Juegu" {+Inv}
   (You found it on level 1 of the Depths)

   It lets you turn invisible.
Jewellery
 g - the ring of Listiyjowk {rC+ Int+5 Stlth+}
   (You took it off a deep elf demonologist on level 3 of the Elven Halls)

   [ring of stealth]

   It affects your intelligence (+5).
   It protects you from cold.
   It makes you more stealthy.
 i - a cursed +2 ring of protection (left hand)
 B - an uncursed ring of protection from fire
 H - a cursed ring of protection from magic (right hand)
 N - the cursed amulet "Ogebo" (around neck) {Gourm +Fly rC+ rN+ Dex+3}
   (You took it off a deep elf death mage on level 3 of the Elven Halls)

   [amulet of the gourmand]

   It allows you to eat raw meat even when not hungry.
   It affects your dexterity (+3).
   It protects you from cold.
   It protects you from negative energy.
   It lets you fly.
   It has a curse placed upon it.
 U - the brooch of Shielding {Reflect SH+8}
   (You found it on level 1 of the Depths)

   [amulet of reflection]

   It shields you and reflects attacks.
   It affects your SH (+8).
Wands
 s - a wand of paralysis (17)
 I - a wand of digging (38)
 Z - a wand of iceblast (31)
Scrolls
 c - 4 scrolls of identify {!r}
 e - a scroll of brand weapon {!r}
 r - 2 scrolls of fog {!r}
 x - 4 scrolls of magic mapping {!r}
 A - 2 scrolls of blinking {!r}
 E - 4 scrolls of amnesia {!r}
 O - 3 scrolls of remove curse {!r}
 R - 2 scrolls of summoning {!r}
 X - 6 scrolls of teleportation {!r}
Potions
 f - 5 potions of brilliance {!q}
 h - 2 potions of might {!q}
 j - 3 potions of agility {!q}
 k - a potion of flight {!q}
 n - 5 potions of curing {!q}
 o - a potion of magic {!q}
 v - a potion of cancellation {!q}
 C - 9 potions of haste {!q}
 F - a potion of resistance {!q}
Miscellaneous
 P - 2 phantom mirrors
Comestibles
 d - 7 bread rations
 T - 2 meat rations
 Y - 6 fruits


   Skills:
 + Level 12.7 Fighting
 + Level 12.7 Short Blades
 + Level 12.7 Long Blades
 + Level 12.7 Axes
 + Level 12.7 Maces & Flails
 + Level 12.7 Polearms
 + Level 12.7 Staves
 + Level 12.7 Slings
 + Level 12.7 Bows
 + Level 12.7 Crossbows
 + Level 12.7 Throwing
 + Level 12.7(15.0) Armour
 + Level 13.4(15.7) Dodging
 + Level 13.3 Stealth
 + Level 12.7(15.0) Shields
 + Level 12.7 Unarmed Combat
 + Level 14.2 Spellcasting
 + Level 11.1(14.8) Conjurations
 + Level 10.9(14.6) Hexes
 + Level 10.9(14.6) Charms
 + Level 11.1(14.8) Summonings
 + Level 10.9(14.6) Necromancy
 + Level 11.1(14.8) Translocations
 + Level 10.9(14.6) Transmutations
 + Level 10.9(14.6) Fire Magic
 + Level 10.9(14.6) Ice Magic
 + Level 10.9(14.6) Air Magic
 + Level 10.9(14.6) Earth Magic
 + Level 10.9(14.6) Poison Magic
 + Level 13.7 Invocations
 + Level 12.7(16.3) Evocations


You had 14 spell levels left.
You knew the following spells:

 Your Spells              Type           Power        Failure   Level  Hunger
a - Stone Arrow           Conj/Erth      ######       1%          3    None
b - Passwall              Tmut/Erth      #######...   1%          2    None
c - Magic Dart            Conj           ####         1%          1    None
d - Lee's Rapid Deconstr  Erth           #######...   2%          5    ##.....
e - Mephitic Cloud        Conj/Pois/Air  #######.     1%          3    None
f - Deflect Missiles      Chrm/Air       #######...   7%          6    #####..
g - Malign Gateway        Summ/Tloc      #######...   24%         7    ######.
s - Conjure Flame         Conj/Fire      #######.     1%          3    None
v - Blink                 Tloc           N/A          1%          2    None


Dungeon Overview and Level Annotations

Branches:
Dungeon (15/15)            Temple (1/1) D:7            Lair (0/6) D:11
    Orc (2/2) D:12            Elf (3/3) Orc:2        Vaults (0/5) D:13
 Depths (3/5) D:15

Altars:
Ashenzari
Cheibriados
Dithmenos
Elyvilon
Fedhas
Gozag
Hepliaklqana
Kikubaaqudgha
Makhleb
Nemelex Xobeh
Okawaru
Qazlal
Ru
Sif Muna
Trog
Uskayaw
Vehumet
Wu Jian
Xom
Yredelemnul
Zin
The Shining One
Beogh

Shops:
D:5 *   D:7 =   D:12 ([   Orc:1 [   Orc:2 :![   Elf:1 =

Portals:
Hell: Depths:1 Depths:2 Depths:3
Abyss: Depths:1
Pandemonium: Depths:1 Depths:3
Ziggurat: Depths:2

Annotations:
Elf:2 2 runed doors


Innate Abilities, Weirdness & Mutations

Your experience applies equally to all skills.
You have very sharp teeth.
Your uncanny sense of smell can sniff out nearby items.
You are partially covered in large bone plates. (SH +4)
You are dopey. (Int -2)
Your magical capacity is very low. (-20% MP)
You are highly resistant to hostile enchantments. (MR++)
You occasionally shout uncontrollably at your foes.
You do not regenerate when monsters are visible.
You are occasionally teleported next to monsters.
Your spells are harder to cast, but more powerful.
You evolve.


Message History

You block the spark wasp's attack.
You hit the spark wasp.
The spark wasp is lightly wounded.
The spark wasp stings you but does no damage.
You block the spark wasp's attack.
You hit the spark wasp.
The spark wasp is lightly wounded.
You block the spark wasp's attack.
Wield which item (- for none, * to show all)? (? for menu, Esc to quit)
You are already wielding that!
Wield which item (- for none, * to show all)? (? for menu, Esc to quit)
Your +1 eveningstar of electrocution stops crackling.
q - the +11 short sword of Frustration (weapon)
{pierce, rN+ Str+5} You block the spark wasp's attack.
A yaktaur captain comes into view.
You hit the spark wasp but do no damage.
The spark wasp is lightly wounded.
You hit the spark wasp.
You bite the spark wasp, but do no damage.
The spark wasp is lightly wounded.
You block the spark wasp's attack.
You hit the spark wasp but do no damage.
The spark wasp is lightly wounded.
You block the spark wasp's attack.
You barely miss the spark wasp.
The spark wasp is lightly wounded.
You hit the spark wasp.
The spark wasp is moderately wounded.
The spark wasp stings you but does no damage.
You hit the spark wasp but do no damage.
The spark wasp is moderately wounded.
The spark wasp stings you. The spark wasp shocks you. You resist.
You puncture the spark wasp!
The spark wasp is moderately wounded.
You block the spark wasp's attack.
You closely miss the spark wasp.
The spark wasp is moderately wounded.
You hit the spark wasp.
The spark wasp is heavily wounded.
The spark wasp stings you!!
* * * LOW HITPOINT WARNING * * *
The spark wasp shocks you. You resist.
* * * LOW HITPOINT WARNING * * *
You hit the spark wasp.
The spark wasp is heavily wounded.
The spark wasp stings you!!
* * * LOW HITPOINT WARNING * * *
The spark wasp shocks you. You resist.
* * * LOW HITPOINT WARNING * * *
Casting: Lee's Rapid Deconstruction
Confirm with . or Enter, or press ? or * to list all spells.
Aiming: Lee's Rapid Deconstruction
Press: ? - help, Dir - move target cursor That beam is likely to hit you.
Continue anyway?
The wall shatters!
The blast of rock fragments hits the spark wasp.
The spark wasp is severely wounded.
You hear a deafening roar! x2; You hear a shout! x3
The spark wasp stings you!!
* * * LOW HITPOINT WARNING * * *
The spark wasp shocks you. You resist.
* * * LOW HITPOINT WARNING * * *
The yaktaur captain hits you!
You die...

$$โ‰ˆ# { ,
{*,*... ## ,, , *
โ‰ˆโ‰ˆยง#* { ,,,*
,...* ..... **
#### * **
*##..###....# ,,
* * * *
*#####.#.#...#..
, , ,* ,,, , {
,....(.........#,
, * , , , ,,*
............#.# *
, , ,*, *
......(.#.....# ,
, ,
*,..#...cy....#,*
* , ,,
,.......@....# ,,
, , * * ,
,#...........#*
,**** * *
..####....#.....
, ,, **. *
##.#..##.## **
*** * * ##.#.#*
.# *# #.** # *##


You could see a yaktaur captain and a spark wasp.

Vanquished Creatures
  A bone dragon (D:15)
  Jorgrun (Depths:3)
  3 tentacled monstrosities
  2 deep elf master archers (Elf:3)
  2 deep elf blademasters (Elf:3)
  Gastronok (D:8)
  Kirke (Elf:1)
  A fire giant (Depths:1)
  2 tengu reavers (Depths:3)
  4 iron dragons (Depths:1)
  2 frost giants (Depths:1)
  4 deep elf sorcerers
  A curse skull (Depths:2)
  4 deep elf elementalists
  2 juggernaut skeletons (Depths:2)
  2 caustic shrike skeletons (Depths:2)
  2 spriggan defenders (Depths:3)
  A very ugly thing (Depths:3)
  8 deep elf demonologists (Elf:3)
  7 stone giants
  10 deep elf annihilators
  4 spark wasps (Depths:3)
  9 deep elf death magi
  6 ettins
  6 ogre magi
  3 fire dragons
  4 great orbs of eyes
  3 deep elf high priests (Elf:3)
  3 yaktaur captains
  4 ice dragons
  A rakshasa (Depths:2)
  7 hydras
  A centaur warrior (D:15)
  29 dancing weapons
  12 two-headed ogres
  A small abomination (Elf:3)
  A deep troll shaman (Depths:2)
  19 deep elf knights
  2 sun demons
  A spriggan (Depths:3)
  Nergalle (Orc:2)
  16 skeletal warriors
  A titan skeleton (Depths:2)
  A glowing orange brain (Depths:3)
  A hell knight (Volcano)
  A sixfirhy (Depths:1)
  A golden dragon zombie (Depths:2)
  An unseen horror (D:12)
  A deep troll (Depths:2)
  A lindwurm (shapeshifter) (Depths:1)
  2 wizards
  4 necromancers
  18 deep elf archers
  8 orc sorcerers
  3 orc knights
  3 tengu skeletons (Depths:2)
  A manticore (shapeshifter) (Depths:3)
  44 deep elf magi
  18 ugly things
  A salamander (Depths:1)
  3 manticores
  A shadow dragon skeleton (Depths:2)
  2 sphinx skeletons (Depths:2)
  3 cyclopes
  2 frost giant skeletons (Depths:2)
  6 rust devils (Depths:1)
  2 stone giant skeletons (Depths:2)
  2 iron dragon skeletons (Depths:2)
  3 fire giant skeletons (Depths:2)
  Psyche (D:8)
  3 gargoyles
  2 komodo dragons (D:15)
  A hellion (Depths:1)
  11 yaktaurs
  A kobold demonologist (D:15)
  2 elf skeletons (Depths:2)
  A yaktaur (shapeshifter) (Depths:2)
  A komodo dragon (shapeshifter) (Depths:1)
  A yaktaur skeleton (Depths:1)
  A queen bee (D:10)
  9 trolls
  4 red devils (Volcano)
  A wolf spider simulacrum (D:15)
  Grinder (D:4)
  15 slime creatures
  2 hornets
  3 hippogriffs
  A sphinx simulacrum (Depths:2)
  Prince Ribbit (D:8)
  An ice dragon zombie (Depths:1)
  3 ettin skeletons
  3 shadows
  5 air elementals
  2 wraiths
  3 spriggan skeletons (Depths:2)
  6 yaks (D:11)
  11 flying skulls (Depths:2)
  6 fire elementals
  11 water elementals
  3 wyverns
  A hog (Elf:1)
  A human (shapeshifter) (Depths:3)
  Grum (D:8)
  A basilisk (D:12)
  A hungry ghost (D:7)
  A vampire (D:14)
  2 wargs (Orc:2)
  4 large abominations (Elf:2)
  A naga (shapeshifter) (Depths:1)
  A human skeleton (Depths:2)
  A soldier ant (D:11)
  A water moccasin (D:9)
  An acid dragon (D:13)
  3 hell hounds (Volcano)
  A swamp drake (shapeshifter) (Depths:2)
  A porcupine (D:11)
  2 ice beasts (D:8)
  24 orc warriors
  2 sky beasts
  An eye of draining (D:10)
  A phantom (D:6)
  3 black bears (D:11)
  23 ogres
  5 boggarts (Depths:2)
  11 centaurs
  5 wolves
  3 crocodiles (D:11)
  5 bullfrogs
  4 elf zombies (Elf:2)
  3 wyvern zombies
  A water moccasin zombie (D:5)
  A wyvern skeleton (D:13)
  3 scorpions
  37 killer bees
  9 wights
  10 crimson imps
  4 howler monkeys
  4 centaur zombies
  3 bullfrog zombies (D:12)
  A quasit (D:12)
  6 hounds
  21 orc priests
  3 jellies
  4 bullfrog skeletons
  4 centaur skeletons
  3 iguanas
  45 orc wizards
  6 worker ants
  A hound skeleton (D:11)
  A howler monkey zombie (D:8)
  A worker ant zombie (D:5)
  4 gnolls (D:6)
  3 howler monkey skeletons
  15 adders
  6 shadow imps
  4 oozes
  A worm (D:2)
  A dart slug (D:3)
  7 leopard geckos
  132 orcs
  8 bats
  A giant cockroach (D:1)
  2 gnoll zombies (D:4)
  7 goblins
  5 hobgoblins
  13 jackals
  4 quokkas
  A ball python (D:7)
  3 frilled lizards
  13 kobolds
  A leopard gecko zombie (D:8)
  8 rats
  4 crawling corpses (Elf:3)
  2 plants
971 creatures vanquished.

Vanquished Creatures (collateral kills)
  A fire giant (Depths:3)
  2 frost giants (Depths:3)
  A very ugly thing (Depths:3)
  Aizul (Depths:2)
  A stone giant (Depths:2)
  A vampire knight (Depths:3)
  A fire dragon (Depths:3)
  A yaktaur captain (Depths:2)
  A great orb of eyes (Depths:3)
  A tengu warrior (Depths:3)
  A spriggan berserker (Depths:3)
  2 deep trolls (Depths:2)
  A yaktaur (Depths:3)
  A slime creature (shapeshifter) (Depths:3)
16 creatures vanquished.

Vanquished Creatures (others)
  4 eldritch tentacles (Depths:2)
  A spriggan defender (Depths:3)
  A stone giant (Depths:3)
  An ice dragon (Depths:2)
  An unseen horror (D:14)
  A porcupine (D:11)
  A bush (D:11)
  6 fungi (D:11)
  19 plants
35 creatures vanquished.

Grand Total: 1022 creatures vanquished

Notes
Turn   | Place    | Note
-------+----------+-------------------------------------------
     0 | D:1      | Amnesiac the Gnoll Wizard began the quest for the Orb.
     0 | D:1      | Reached XP level 1. HP: 13/13 MP: 8/8
   146 | D:1      | Reached XP level 2. HP: 19/19 MP: 6/10
   315 | D:1      | Learned a level 2 spell: Blink
   378 | D:2      | Reached XP level 3. HP: 19/25 MP: 5/11
   383 | D:2      | Learned a level 3 spell: Conjure Flame
   387 | D:2      | Learned a level 3 spell: Mephitic Cloud
   603 | D:3      | Reached skill level 1 in Invocations
   686 | D:3      | Found a shimmering altar of Xom.
   687 | D:3      | Found a deep blue altar of Sif Muna.
   689 | D:3      | Found a sparkling altar of Nemelex Xobeh.
   693 | D:3      | Found a hazy altar of Hepliaklqana.
   745 | D:4      | Reached skill level 1 in Fighting
   745 | D:4      | Reached skill level 1 in Short Blades
   745 | D:4      | Reached skill level 1 in Long Blades
   745 | D:4      | Reached skill level 1 in Axes
   745 | D:4      | Reached skill level 1 in Maces & Flails
   745 | D:4      | Reached skill level 1 in Polearms
   745 | D:4      | Reached skill level 1 in Staves
   745 | D:4      | Reached skill level 1 in Slings
   745 | D:4      | Reached skill level 1 in Bows
   745 | D:4      | Reached skill level 1 in Crossbows
   745 | D:4      | Reached skill level 1 in Throwing
   745 | D:4      | Reached skill level 1 in Armour
   745 | D:4      | Reached skill level 1 in Shields
   745 | D:4      | Reached skill level 1 in Unarmed Combat
   745 | D:4      | Reached skill level 1 in Evocations
   748 | D:4      | Reached XP level 4. HP: 32/32 MP: 5/13
  1004 | D:4      | Reached skill level 1 in Hexes
  1004 | D:4      | Reached skill level 1 in Charms
  1004 | D:4      | Reached skill level 1 in Necromancy
  1004 | D:4      | Reached skill level 1 in Transmutations
  1004 | D:4      | Reached skill level 1 in Fire Magic
  1004 | D:4      | Reached skill level 1 in Ice Magic
  1004 | D:4      | Reached skill level 1 in Air Magic
  1004 | D:4      | Reached skill level 1 in Earth Magic
  1004 | D:4      | Reached skill level 1 in Poison Magic
  1018 | D:4      | Reached XP level 5. HP: 37/37 MP: 8/14
  1329 | D:4      | Found a snail-covered altar of Cheibriados.
  1474 | D:4      | Reached XP level 6. HP: 19/44 MP: 2/16
  1771 | D:4      | Noticed Grinder
  1984 | D:4      | Paralysed by Grinder for 2 turns
  1988 | D:4      | Paralysed by Grinder for 2 turns
  1993 | D:4      | HP: 2/44 [Grinder (6)]
  1994 | D:4      | Paralysed by Grinder for 3 turns
  2010 | D:5      | Entered Level 5 of the Dungeon
  2340 | D:4      | Killed Grinder
  2340 | D:4      | Reached skill level 5 in Dodging
  2340 | D:4      | Reached XP level 7. HP: 20/50 MP: 10/18
  2672 | D:4      | Found a basalt altar of Yredelemnul.
  2810 | D:5      | Found Gozag's Platinum Reserve.
  2844 | D:5      | Found an opulent altar of Gozag.
  2941 | D:5      | Reached skill level 5 in Stealth
  3190 | D:5      | Reached XP level 8. HP: 45/57 MP: 19/19
  3707 | D:6      | Found a shadowy altar of Dithmenos.
  4141 | D:6      | Gained mutation: You occasionally shout uncontrollably at your foes. [mutagenic meat]
  4142 | D:6      | Gained mutation: Your body sometimes deteriorates upon taking damage. [mutagenic meat]
  4144 | D:6      | Gained mutation: Your spells are a little easier to cast, but a little less powerful. [mutagenic meat]
  4145 | D:6      | Gained mutation: You do not regenerate when monsters are visible. [mutagenic meat]
  4146 | D:6      | Gained mutation: You have a somewhat thin skeletal structure. (Dex +2, Stealth) [mutagenic meat]
  4265 | D:6      | Reached skill level 8 in Spellcasting
  4854 | D:7      | Found Qocvaogoj's Jewellery Emporium.
  4883 | D:7      | Found a staircase to the Ecumenical Temple.
  4903 | D:7      | Reached XP level 9. HP: 57/65 MP: 15/21
  4922 | Temple   | Entered the Ecumenical Temple
  5150 | Temple   | Became a worshipper of Ashenzari the Shackled
  5845 | D:2      | Found a faded altar of an unknown god.
  6273 | D:2      | Found a glowing golden altar of the Shining One.
  7185 | D:3      | Found an ornate altar of the Wu Jian Council.
  7536 | D:7      | Reached * piety under Ashenzari
  7652 | D:7      | Bought a cursed ring of loudness for 54 gold pieces
  8661 | D:8      | Noticed Grum
  8690 | D:8      | Killed Grum
  8812 | D:8      | Noticed Psyche
  9048 | D:8      | Found a burning altar of Makhleb.
  9052 | D:8      | Noticed a blizzard demon
  9083 | D:8      | Reached skill level 5 in Invocations
  9326 | D:8      | Killed Psyche
  9326 | D:8      | Reached XP level 10. HP: 73/73 MP: 8/22
  9421 | D:8      | Noticed Gastronok
  9457 | D:8      | Noticed Prince Ribbit
  9469 | D:8      | Killed Prince Ribbit
  9490 | D:8      | Killed Gastronok
  9490 | D:8      | Reached skill level 5 in Fighting
  9490 | D:8      | Reached skill level 5 in Short Blades
  9490 | D:8      | Reached skill level 5 in Long Blades
  9490 | D:8      | Reached skill level 5 in Axes
  9490 | D:8      | Reached skill level 5 in Maces & Flails
  9490 | D:8      | Reached skill level 5 in Polearms
  9490 | D:8      | Reached skill level 5 in Staves
  9490 | D:8      | Reached skill level 5 in Slings
  9490 | D:8      | Reached skill level 5 in Bows
  9490 | D:8      | Reached skill level 5 in Crossbows
  9490 | D:8      | Reached skill level 5 in Throwing
  9490 | D:8      | Reached skill level 5 in Armour
  9490 | D:8      | Reached skill level 5 in Shields
  9490 | D:8      | Reached skill level 5 in Unarmed Combat
  9490 | D:8      | Reached skill level 9 in Spellcasting
  9490 | D:8      | Reached skill level 5 in Conjurations
  9490 | D:8      | Reached skill level 5 in Summonings
  9490 | D:8      | Reached skill level 5 in Translocations
  9490 | D:8      | Reached skill level 5 in Evocations
 10605 | D:9      | Reached XP level 11. HP: 81/81 MP: 15/24
 11158 | D:10     | Entered Level 10 of the Dungeon
 11710 | D:10     | Reached ** piety under Ashenzari
 11796 | D:10     | Noticed a two-headed ogre
 11808 | D:10     | Reached skill level 5 in Hexes
 11808 | D:10     | Reached skill level 5 in Charms
 11808 | D:10     | Reached skill level 5 in Necromancy
 11808 | D:10     | Reached skill level 5 in Transmutations
 11808 | D:10     | Reached skill level 5 in Fire Magic
 11808 | D:10     | Reached skill level 5 in Ice Magic
 11808 | D:10     | Reached skill level 5 in Air Magic
 11808 | D:10     | Reached skill level 5 in Earth Magic
 11808 | D:10     | Reached skill level 5 in Poison Magic
 11815 | D:10     | Killed a two-headed ogre
 13515 | D:10     | Learned a level 2 spell: Passwall
 13521 | D:10     | Learned a level 5 spell: Lee's Rapid Deconstruction
 13525 | D:10     | Learned a level 3 spell: Stone Arrow
 14216 | D:11     | Found a staircase to the Lair.
 14416 | D:11     | Reached XP level 12. HP: 52/89 MP: 1/25
 14549 | D:11     | Learned a level 6 spell: Deflect Missiles
 14847 | D:11     | Noticed a seven-headed hydra
 14853 | D:11     | Killed a seven-headed hydra
 15225 | D:12     | Reached skill level 10 in Spellcasting
 15379 | D:12     | Found a flickering gateway to a bazaar.
 15388 | Bazaar   | Entered a bazaar
 15389 | Bazaar   | Found Ixzuasok's Gadget Boutique.
 15389 | Bazaar   | Found Weufuoje's Magic Scroll Boutique.
 15391 | Bazaar   | Found Watilim's Gadget Emporium.
 15394 | Bazaar   | Found Oreidas's Antique Weapon Boutique.
 15396 | Bazaar   | Reached *** piety under Ashenzari
 15405 | Bazaar   | Found Bihikk's General Store.
 15411 | Bazaar   | Found Imuozel's Book Shoppe.
 15451 | Bazaar   | Bought an encrusted hunting sling for 110 gold pieces
 15451 | Bazaar   | Identified the +10 hunting sling "Vietag" {venom, rC+ Str+3} (You bought it in a shop in a bazaar)
 15583 | D:12     | Found a radiant altar of Vehumet.
 15622 | D:12     | Found Moup's Armour Emporium.
 15749 | D:12     | Found a staircase to the Orcish Mines.
 15752 | D:12     | Found Ixtiem's Weapon Emporium.
 15807 | D:12     | Bought 7 needles of frenzy for 36 gold pieces
 15843 | D:12     | Identified the +0 cloak of Restlessness {rElec rC+ rN+ Str-3}
 16053 | D:12     | Noticed a four-headed hydra
 16059 | D:12     | Killed a four-headed hydra
 16419 | D:13     | Found a gate to the Vaults.
 16918 | D:13     | HP: 2/91 [skeletal warrior/flail[a skeletal warrior] (23)]
 17334 | D:13     | Reached XP level 13. HP: 98/98 MP: 10/27
 17580 | D:14     | Lost mutation: Your body sometimes deteriorates upon taking damage. [potion of mutation]
 17580 | D:14     | Lost mutation: You occasionally shout uncontrollably at your foes. [potion of mutation]
 17580 | D:14     | Lost mutation: Your spells are a little easier to cast, but a little less powerful. [potion of mutation]
 17580 | D:14     | Gained mutation: You are frail. (-10% HP) [potion of mutation]
 17580 | D:14     | Gained mutation: You are resistant to hostile enchantments. (MR+) [potion of mutation]
 17731 | D:14     | Reached **** piety under Ashenzari
 18321 | D:15     | Entered Level 15 of the Dungeon
 19435 | D:15     | Reached skill level 11 in Spellcasting
 19447 | D:15     | Lost mutation: You have a somewhat thin skeletal structure. (Dex +2, Stealth) [mutagenic meat]
 19448 | D:15     | Gained mutation: You are partially covered in large bone plates. (SH +4) [mutagenic meat]
 19449 | D:15     | Lost mutation: You are frail. (-10% HP) [mutagenic meat]
 19450 | D:15     | Gained mutation: You are dopey. (Int -2) [mutagenic meat]
 19451 | D:15     | Lost mutation: You are dopey. (Int -2) [mutagenic meat]
 20013 | D:15     | Found a staircase to the Depths.
 20015 | D:15     | Noticed a yaktaur captain
 20038 | D:15     | Killed a yaktaur captain
 20038 | D:15     | Reached XP level 14. HP: 89/106 MP: 19/29
 20242 | Orc:1    | Entered Level 1 of the Orcish Mines
 20353 | Orc:1    | Found Conikoch's Armour Emporium.
 20390 | Orc:1    | Found a dark tunnel.
 20438 | Volcano  | Entered a volcano
 20518 | Volcano  | Reached skill level 10 in Dodging
 23318 | Orc:2    | Entered Level 2 of the Orcish Mines
 23488 | Orc:2    | Found a staircase to the Elven Halls.
 23731 | Orc:2    | Reached skill level 10 in Stealth
 23752 | Orc:2    | Reached ***** piety under Ashenzari
 24026 | Orc:2    | Found an ancient bone altar of Kikubaaqudgha.
 24026 | Orc:2    | Noticed Nergalle
 24077 | Orc:2    | Found Xaestruf's Book Shoppe.
 24094 | Orc:2    | Found a radiant altar of Vehumet.
 24226 | Orc:2    | Reached skill level 10 in Invocations
 24319 | Orc:2    | Killed Nergalle
 24422 | Orc:2    | Found a roughly hewn altar of Beogh.
 24422 | Orc:2    | Found Vuogubul's Antique Armour Emporium.
 24424 | Orc:2    | Found Joempael's Distillery.
 24432 | Orc:2    | Found Cazunime's Antique Armour Emporium.
 24451 | Orc:2    | Bought a pair of glowing boots for 195 gold pieces
 24453 | Orc:2    | Bought a glowing robe for 96 gold pieces
 25245 | Orc:2    | Bought a shimmering helmet for 247 gold pieces
 25259 | Orc:2    | Identified the -7 helmet of the Wasteland {Str+5} (You bought it in a shop on level 2 of the Orcish Mines)
 25272 | Orc:2    | Bought a spiked buckler for 247 gold pieces
 25286 | Orc:2    | Identified the +3 buckler of the Monkey's Uncle {MP+9} (You bought it in a shop on level 2 of the Orcish Mines)
 25286 | Orc:2    | Bought a glowing cloak for 195 gold pieces
 25286 | Orc:2    | Bought a runed scarf for 208 gold pieces
 25476 | Elf:1    | Entered Level 1 of the Elven Halls
 25667 | Elf:1    | Gained mutation: Your magical capacity is low. (-10% MP) [a neqoxec]
 26186 | Elf:1    | Reached XP level 15. HP: 107/114 MP: 27/27
 26236 | Elf:1    | Noticed Kirke
 26256 | Elf:1    | Killed Kirke
 26318 | Elf:1    | Found an ancient bone altar of Kikubaaqudgha.
 26377 | Elf:1    | Found Asudd's Jewellery Emporium.
 26788 | Elf:2    | Identified the +1 robe of Zin's Envy {rPois rC- MR+ rCorr}
 26877 | Elf:2    | Found a runed gate.
 26877 | Elf:2    | Found a runed gate.
 26877 | Elf:2    | Found a runed gate.
 28040 | Elf:2    | Reached skill level 12 in Spellcasting
 28083 | Elf:2    | Reached skill level 10 in Fighting
 28083 | Elf:2    | Reached skill level 10 in Short Blades
 28083 | Elf:2    | Reached skill level 10 in Long Blades
 28083 | Elf:2    | Reached skill level 10 in Axes
 28083 | Elf:2    | Reached skill level 10 in Maces & Flails
 28083 | Elf:2    | Reached skill level 10 in Polearms
 28083 | Elf:2    | Reached skill level 10 in Staves
 28083 | Elf:2    | Reached skill level 10 in Slings
 28083 | Elf:2    | Reached skill level 10 in Bows
 28083 | Elf:2    | Reached skill level 10 in Crossbows
 28083 | Elf:2    | Reached skill level 10 in Throwing
 28083 | Elf:2    | Reached skill level 10 in Armour
 28083 | Elf:2    | Reached skill level 10 in Shields
 28083 | Elf:2    | Reached skill level 10 in Unarmed Combat
 28083 | Elf:2    | Reached skill level 10 in Evocations
 28548 | Elf:2    | Noticed a deep elf elementalist
 28554 | Elf:2    | Killed a deep elf elementalist
 29572 | Elf:2    | Reached XP level 16. HP: 94/122 MP: 21/29
 29604 | Elf:2    | Identified the Catalogue of Dark Rituals
 32160 | Elf:3    | Entered Level 3 of the Elven Halls
 33068 | Elf:3    | Noticed a deep elf blademaster
 33092 | Elf:3    | Killed a deep elf blademaster
 33417 | Elf:3    | Noticed a deep elf blademaster
 33445 | Elf:3    | Killed a deep elf blademaster
 33614 | Elf:3    | Got the scimitar "Coficw Arag" {flame, Stlth+}
 33617 | Elf:3    | Identified the +5 scimitar "Coficw Arag" {flame, Stlth+} (You took it off a deep elf demonologist on level 3 of the Elven Halls)
 33750 | Elf:3    | Reached XP level 17. HP: 112/131 MP: 14/30
 33998 | Elf:3    | Identified the ring "Isaontul" {*Drain Dex+4 Stlth+} (You took it off a deep elf demonologist on level 3 of the Elven Halls)
 34239 | Elf:3    | Noticed a deep elf master archer
 34271 | Elf:3    | Killed a deep elf master archer
 34305 | Elf:3    | Noticed a deep elf master archer
 34318 | Elf:3    | Killed a deep elf master archer
 34318 | Elf:3    | Reached skill level 13 in Spellcasting
 35056 | Elf:3    | Noticed a Hell Sentinel
 35106 | Elf:3    | Identified the ring of Listiyjowk {rC+ Int+5 Stlth+} (You took it off a deep elf demonologist on level 3 of the Elven Halls)
 35106 | Elf:3    | Reached skill level 10 in Conjurations
 35106 | Elf:3    | Reached skill level 10 in Summonings
 35106 | Elf:3    | Reached skill level 10 in Translocations
 35474 | Elf:3    | Got the battleaxe of Tumult {holy, rElec MR+ Str+2 SInv}
 35494 | Elf:3    | Got the hand crossbow of the Sky {penet, rElec rF+ Int+4 Dex-2}
 35495 | Elf:3    | Identified the +6 hand crossbow of the Sky {penet, rElec rF+ Int+4 Dex-2} (You found it on level 3 of the Elven Halls)
 35518 | Elf:3    | Identified the amulet "Ogebo" {Gourm +Fly rC+ rN+ Dex+3} (You took it off a deep elf death mage on level 3 of the Elven Halls)
 35565 | Elf:3    | Got the arbalest "Konesh" {penet, *Slow +Inv MR+}
 35865 | Elf:3    | Got the shortbow "Renaol" {velocity, rElec MR+ Int-4}
 35988 | Elf:3    | Learned a level 7 spell: Malign Gateway
 36236 | D:12     | Bought a +4 blowgun for 318 gold pieces
 36418 | Depths:1 | Entered Level 1 of the Depths
 36755 | Depths:1 | Found a one-way gate leading to the halls of Pandemonium.
 37019 | Depths:1 | Found a one-way gate to the infinite horrors of the Abyss.
 37276 | Depths:1 | Found a gateway to Hell.
 37794 | Depths:1 | Found the +0 pair of fencer's gloves {+Riposte Dex+3}
 37794 | Depths:1 | Identified the +13 crystal plate armour "Juegu" {+Inv}
 37795 | Depths:1 | Found the brooch of Shielding {Reflect SH+8}
 37929 | Depths:1 | Reached skill level 10 in Hexes
 37929 | Depths:1 | Reached skill level 10 in Charms
 37929 | Depths:1 | Reached skill level 10 in Necromancy
 37929 | Depths:1 | Reached skill level 10 in Transmutations
 37929 | Depths:1 | Reached skill level 10 in Fire Magic
 37929 | Depths:1 | Reached skill level 10 in Ice Magic
 37929 | Depths:1 | Reached skill level 10 in Air Magic
 37929 | Depths:1 | Reached skill level 10 in Earth Magic
 37929 | Depths:1 | Reached skill level 10 in Poison Magic
 38054 | Depths:1 | Reached XP level 18. HP: 111/139 MP: 31/31
 38346 | Depths:1 | Gained mutation: Your spells are a little harder to cast, but a little more powerful. [mutagenic meat]
 38347 | Depths:1 | Gained mutation: Your magical capacity is very low. (-20% MP) [mutagenic meat]
 38348 | Depths:1 | Gained mutation: You are occasionally teleported next to monsters. [mutagenic meat]
 38349 | Depths:1 | Gained mutation: You occasionally shout uncontrollably at your foes. [mutagenic meat]
 39307 | Depths:2 | Noticed a tentacled monstrosity
 39670 | Depths:1 | Killed a tentacled monstrosity
 39811 | Depths:2 | Found a gateway to a ziggurat.
 39828 | Depths:2 | Noticed Aizul
 39903 | Depths:2 | Killed Aizul
 41726 | Depths:2 | Identified the +0 buckler of the Disturbing Runes {*Drain Dex+7}
 42804 | Depths:2 | Noticed a bone dragon
 43013 | D:15     | Killed a bone dragon
 43013 | D:15     | Reached XP level 19. HP: 146/147 MP: 4/29
 43619 | Depths:2 | Identified Seciq's Reference Book on Contamination
 43681 | Depths:2 | Got the short sword of Frustration {pierce, rN+ Str+5}
 43682 | Depths:2 | Identified the +11 short sword of Frustration {pierce, rN+ Str+5} (You found it on level 2 of the Depths)
 43896 | Depths:3 | Reached skill level 14 in Spellcasting
 44060 | Depths:3 | Gained mutation: You evolve. [mutagenic meat]
 44061 | Depths:3 | Gained mutation: Your spells are harder to cast, but more powerful. [mutagenic meat]
 44064 | Depths:3 | Gained mutation: You are dopey. (Int -2) [mutagenic meat]
 44100 | Depths:3 | Found a burning altar of Makhleb.
 44101 | Depths:3 | Found a shadowy altar of Dithmenos.
 44101 | Depths:3 | Found an ornate altar of the Wu Jian Council.
 44381 | Depths:3 | Noticed a tentacled monstrosity
 44405 | Depths:3 | Killed a tentacled monstrosity
 44570 | Depths:3 | Gained mutation: You are highly resistant to hostile enchantments. (MR++) [evolution]
 44800 | Depths:3 | Noticed a juggernaut
 45251 | Depths:3 | Noticed a tentacled monstrosity
 45282 | Depths:3 | Killed a tentacled monstrosity
 45391 | Depths:3 | Noticed Jorgrun
 45414 | Depths:3 | Killed Jorgrun
 45433 | Depths:3 | Slain by a yaktaur captain

Vault maps used:
D:1:      matt_arrival_grand_opening
D:2:      cheibrodos_pilgrimage, old_standard_altar,
          chequers_ecumenical_altar_simple_redux, minivault_19, st_stairs_11
D:3:      minitemple, marbit_many_paths, first_bread, kennysheep_generic_room_14
D:4:      lemuel_zombie_altar_yredelemnul, lemuel_round_altar, uniq_grinder
D:5:      nicolae_gozag_zags_fifth_avenue, kennysheep_cross_room
D:6:      grunt_dithmenos_smoke_and_mirrors, bh_chokoban
D:7:      minmay_temple_entry_large_hall, serial_shops, shop
D:8:      makhleb_altar_promises_db, uniq_prince_ribbit1, uniq_grum,
          uniq_gastronok, uniq_psyche
D:10:     special_room
D:11:     minmay_lair_entry_grove
D:12:     orc_david_3, basic_altar, serial_shops, bzr_entry_safe
D:13:     erik_vaults_1
D:14:     serial_curves, eino_curves_03, eino_curves_04
D:15:     grunt_enter_depths_snipers, minmay_misc_feat_columns,
          minmay_misc_feat_enclosed
Temple:   minmay_temple_curvy_loop
Orc:1:    nicolae_volcano_entry_s_turn, serial_shops, shop_statue
Orc:2:    kennysheep_orc_mage_school
Elf:1:    basic_altar, serial_shops, nicolae_shop_behind_doors, minivault_28,
          nrook_loot_triangle, uniq_kirke
Elf:2:    minmay_elf_necromancy
Elf:3:    grunt_elf_hall_diamonds
Depths:1: roderic_lattice_a, rand_demon_pan_entry_5, abyss_entry,
          grunt_hell_entry_dis_grunt, minmay_metal_thing
Depths:2: minmay_skeleton_keep, enter_ziggurat_b, hangedman_tar_grid_catacomb,
          kennysheep_random_hallway, minmay_staircase_bubble,
          serial_bayou_shore_a, uniq_aizul
Depths:3: hangedman_slaughterboxes, hell_entry, pan_entry, uniq_jorgrun
Bazaar:   bazaar_minmay_challenge
Volcano:  volcano_caves

Skill      XL: |  1  2  3  4  5  6  7  8  9 10 11 12 13 14 15 16 17 18 19 |
---------------+----------------------------------------------------------+-----
Conjurations   | 2 3 4 5 6 7 8 9 10 11 | 11.1
Summonings     | 2 3 4 5 6 7 8 9 10 11 | 11.1
Translocations | 2 3 4 5 6 7 8 9 10 11 | 11.1
Invocations    | 1 2 3 4 5 6 7 8 9 10 11 12 13 | 13.7
Fighting       | 1 2 3 4 5 6 7 8 9 10 11 12 | 12.7
Short Blades   | 1 2 3 4 5 6 7 8 9 10 11 12 | 12.7
Long Blades    | 1 2 3 4 5 6 7 8 9 10 11 12 | 12.7
Axes           | 1 2 3 4 5 6 7 8 9 10 11 12 | 12.7
Maces & Flails | 1 2 3 4 5 6 7 8 9 10 11 12 | 12.7
Polearms       | 1 2 3 4 5 6 7 8 9 10 11 12 | 12.7
Staves         | 1 2 3 4 5 6 7 8 9 10 11 12 | 12.7
Slings         | 1 2 3 4 5 6 7 8 9 10 11 12 | 12.7
Bows           | 1 2 3 4 5 6 7 8 9 10 11 12 | 12.7
Crossbows      | 1 2 3 4 5 6 7 8 9 10 11 12 | 12.7
Throwing       | 1 2 3 4 5 6 7 8 9 10 11 12 | 12.7
Armour         | 1 2 3 4 5 6 7 8 9 10 11 12 | 12.7
Shields        | 1 2 3 4 5 6 7 8 9 10 11 12 | 12.7
Unarmed Combat | 1 2 3 4 5 6 7 8 9 10 11 12 | 12.7
Evocations     | 1 2 3 4 5 6 7 8 9 10 11 12 | 12.7
Hexes          | 1 2 3 4 5 6 7 8 9 10 | 10.9
Charms         | 1 2 3 4 5 6 7 8 9 10 | 10.9
Necromancy     | 1 2 3 4 5 6 7 8 9 10 | 10.9
Transmutations | 1 2 3 4 5 6 7 8 9 10 | 10.9
Fire Magic     | 1 2 3 4 5 6 7 8 9 10 | 10.9
Ice Magic      | 1 2 3 4 5 6 7 8 9 10 | 10.9
Air Magic      | 1 2 3 4 5 6 7 8 9 10 | 10.9
Earth Magic    | 1 2 3 4 5 6 7 8 9 10 | 10.9
Poison Magic   | 1 2 3 4 5 6 7 8 9 10 | 10.9
Dodging        | 5 6 7 8 9 10 11 12 13 | 13.4
Stealth        | 5 6 7 8 9 10 11 12 13 | 13.3
Spellcasting   | 8 9 10 11 12 13 14 | 14.2

Action                   |  1- 3 |  4- 6 |  7- 9 | 10-12 | 13-15 | 16-18 | 19-21 || total
-------------------------+-------+-------+-------+-------+-------+-------+-------++-------
Melee: Dagger            |     8 |    88 |   474 |    61 |       |       |       ||   631
       Bite              |       |    11 |    44 |     6 |     2 |     7 |    28 ||    98
       Punch             |       |     1 |     3 |     1 |       |       |       ||     5
       Eveningstar       |       |       |       |       |    14 |    12 |   147 ||   173
       Scimitar          |       |       |       |       |       |     2 |       ||     2
       Short sword       |       |       |       |       |       |       |    81 ||    81
 Fire: Hunting sling     |       |       |       |   464 |  1337 |  1497 |    45 ||  3343
       Blowgun           |       |       |       |       |       |       |     9 ||     9
Throw: Throwing net      |       |       |       |       |     2 |     2 |       ||     4
 Cast: Magic Dart        |    54 |    38 |    62 |   299 |     1 |       |       ||   454
       Mephitic Cloud    |       |     6 |    26 |    16 |    19 |     5 |     1 ||    73
       Conjure Flame     |       |     6 |    23 |    58 |    41 |    19 |     3 ||   150
       Blink             |       |     1 |     1 |     5 |     2 |    14 |       ||    23
       Stone Arrow       |       |       |       |    99 |    87 |    84 |       ||   270
       Lee's Rapid Decon |       |       |       |     2 |    94 |   187 |    26 ||   309
       Passwall          |       |       |       |     2 |     2 |     4 |     3 ||    11
       Deflect Missiles  |       |       |       |       |     4 |     5 |       ||     9
       Malign Gateway    |       |       |       |       |       |     4 |       ||     4
Invok: Curse Item        |       |       |     2 |       |     4 |     3 |       ||     9
 Abil: Evoke Flight      |       |       |       |       |       |     4 |       ||     4
       Stop Flying       |       |       |       |       |       |     1 |       ||     1
  Use: Scroll            |       |       |       |    16 |     8 |    13 |     3 ||    40
       Potion            |       |       |       |     8 |     2 |     3 |     1 ||    14
 Stab: Confused          |       |     4 |    20 |     4 |     1 |       |       ||    29
       Sleeping          |       |     3 |    20 |       |       |       |     4 ||    27
       Distracted        |       |       |     1 |       |       |       |       ||     1
  Eat: Chunk             |       |     3 |    21 |    16 |    25 |    55 |    18 ||   138
       Meat ration       |       |     1 |       |       |       |     1 |       ||     2
       Fruit             |       |       |     6 |     1 |     6 |     6 |       ||    19
       Royal jelly       |       |       |     1 |     1 |    13 |       |       ||    15
Armor: Robe              |     2 |     8 |    31 |    39 |    17 |       |       ||    97
       Ring mail         |       |       |       |       |    45 |   175 |    68 ||   288
Dodge: Dodged            |    14 |    47 |   263 |   243 |   182 |   375 |   104 ||  1228
       Deflected         |       |       |     2 |     9 |    36 |    50 |     9 ||   106
Block: Shield            |       |       |       |   207 |   134 |       |       ||   341
       Buckler           |       |       |       |       |   108 |   413 |    90 ||   611
       Rpst.: Scimitar   |       |       |       |       |       |     1 |       ||     1
       Hunting sling     |       |       |       |       |       |    37 |     4 ||    41
       Eveningstar       |       |       |       |       |       |       |    11 ||    11
       Short sword       |       |       |       |       |       |       |     4 ||     4

Table legend:
 A = Spawn XP
 B = Non-spawn XP
 C = Spawn XP percentage of total XP
 D = Spawn monster count
 E = Non-spawn monster count
 F = Spawn count percentage of total count
 G = Total turns spent on level
                    A         B        C        D         E        F      G
               +---------+---------+-------+---------+---------+-------+---------
         Total |       0 |  370028 |   0.0 |       0 |     983 |   0.0 | 45433
               +---------+---------+-------+---------+---------+-------+---------
           D:1 |       0 |      41 |   0.0 |       0 |      27 |   0.0 |   759
           D:2 |       0 |     267 |   0.0 |       0 |      28 |   0.0 |  1141
           D:3 |       0 |     190 |   0.0 |       0 |      24 |   0.0 |   856
           D:4 |       0 |     632 |   0.0 |       0 |      33 |   0.0 |  1806
           D:5 |       0 |     591 |   0.0 |       0 |      22 |   0.0 |  1328
           D:6 |       0 |     618 |   0.0 |       0 |      21 |   0.0 |   887
           D:7 |       0 |    1156 |   0.0 |       0 |      32 |   0.0 |  1931
           D:8 |       0 |    4138 |   0.0 |       0 |      26 |   0.0 |   924
           D:9 |       0 |    2218 |   0.0 |       0 |      38 |   0.0 |  1488
          D:10 |       0 |    4565 |   0.0 |       0 |      52 |   0.0 |  2164
          D:11 |       0 |    5874 |   0.0 |       0 |      46 |   0.0 |  1738
          D:12 |       0 |    5329 |   0.0 |       0 |      31 |   0.0 |   981
          D:13 |       0 |    6609 |   0.0 |       0 |      21 |   0.0 |  1526
          D:14 |       0 |    5896 |   0.0 |       0 |      17 |   0.0 |   801
          D:15 |       0 |   21586 |   0.0 |       0 |      48 |   0.0 |  2503
         Orc:1 |       0 |    3754 |   0.0 |       0 |      52 |   0.0 |   803
         Orc:2 |       0 |   10816 |   0.0 |       0 |      74 |   0.0 |  1947
         Elf:1 |       0 |   16212 |   0.0 |       0 |      26 |   0.0 |  1904
         Elf:2 |       0 |   65813 |   0.0 |       0 |      99 |   0.0 |  5756
         Elf:3 |       0 |   61687 |   0.0 |       0 |      54 |   0.0 |  3051
      Depths:1 |       0 |   34091 |   0.0 |       0 |      43 |   0.0 |  2875
      Depths:2 |       0 |   68342 |   0.0 |       0 |     114 |   0.0 |  4058
      Depths:3 |       0 |   45149 |   0.0 |       0 |      44 |   0.0 |  1556
       Volcano |       0 |    4454 |   0.0 |       0 |      11 |   0.0 |  2291
               +---------+---------+-------+---------+---------+-------+---------
